 Dungeon Crawl Stone Soup version 0.32-a0-516-g94ed278cf8 (webtiles) character file.

Game seed: 10845795863502980516

22560 Snipperlap the Arsonist (level 13, -17/99 HPs)
             Began as a Gnoll Wanderer on Feb 26, 2024.
             Was the Champion of Okawaru.
             Demolished by Rupert
             ... wielding a +2 heavy great mace
              (28 damage)
             ... on level 12 of the Dungeon on Feb 27, 2024.
             The game lasted 02:41:18 (16716 turns).

Snipperlap the Arsonist (Gnoll Wanderer)           Turns: 16716, Time: 02:41:18

Health: -17/99     AC: 21    Str: 12    XL:     13   Next: 1%
Magic:  26/35      EV: 10    Int: 19    God:    Okawaru [******]
Gold:   1072       SH: 15    Dex: 16    Spells: 24/31 levels left

rFire   + + .        S - +7 sling of Toxudw Aceaz {flame, rC+ rN+}
rCold   . . .        u - +4 kite shield of Beerud {Str+3}
rNeg    + . .        T - +5 fire dragon scales of the Unseen Realm {rElec rF++ rC- rCorr Str-4 Slay+6}
rPois   .            N - +0 hat of the Kitsune {Will+ Dex+2}
rElec   +            G - scarf {repulsion}
rCorr   +            z - +1 Delatra's gloves {ID++}
SInv    .            Q - +2 pair of boots {rampage}
Will    +....        I - amulet of regeneration
Stlth   ++           m - +6 ring of intelligence
HPRegen 1.16/turn    i - ring of magical power
MPRegen 0.24/turn

%: repel missiles, rampage
@: very slightly contaminated
A: fangs 1, strong nose, distributed training
a: Renounce Religion, Heroism, Finesse, Duel, Receive Weapon, Receive Armour


You were on level 12 of the Dungeon.
You worshipped Okawaru.
Okawaru was exalted by your worship.
You visited 1 branch of the dungeon, and saw 13 of its levels.

You collected 1228 gold pieces.
You spent 156 gold pieces at shops.

Inventory:

Hand Weapons
 a - a +5 spear of freezing
 n - a +4 quarterstaff of chaos
 S - the +7 sling of Toxudw Aceaz (weapon) {flame, rC+ rN+}
   (You found it on level 7 of the Dungeon)

   rC+:       It protects you from cold.
   rN+:       It protects you from negative energy.
Missiles
 d - 3 silver javelins
 f - 15 boomerangs
 y - 3 datura-tipped darts
 K - 7 poisoned darts
 V - an atropa-tipped dart
Armour
 u - the +4 kite shield of Beerud (worn) {Str+3}
   (You found it on level 2 of the Dungeon)

   Str+3:     It affects your strength (+3).
 z - the +1 Delatra's gloves (worn) {ID++}
   (You found it on level 3 of the Dungeon)

   ID++:      It heals its wearer when they drink unknown potions, and restores
   their MP when they read unknown scrolls.
 G - a scarf of repulsion (worn)
 N - the +0 hat of the Kitsune (worn) {Will+ Dex+2}
   (You found it on level 11 of the Dungeon)

   Dex+2:     It affects your dexterity (+2).
   Will+:     It increases your willpower.
 Q - a +2 pair of boots of rampaging (worn)
 T - the +5 fire dragon scales of the Unseen Realm (worn) {rElec rF++ rC- rCorr Str-4 Slay+6}
   (You found it on level 7 of the Dungeon)

   Str-4:     It affects your strength (-4).
   Slay+6:    It affects your accuracy & damage with ranged weapons and melee
   (+6).
   rF++:      It greatly protects you from fire.
   rC-:       It makes you vulnerable to cold.
   rElec:     It insulates you from electricity.
   rCorr:     It protects you from acid and corrosion.
Magical Staves
 P - a staff of fire
Jewellery
 i - a ring of magical power (right hand)
 m - a +6 ring of intelligence (left hand)
 o - the ring of Taerhut {Ice Str+3}
   (You found it on level 11 of the Dungeon)

   [ring of ice]

   Ice:       It enhances your ice magic.
   Str+3:     It affects your strength (+3).
   rF-:       It makes you vulnerable to fire.
   rC+:       It protects you from cold.
 s - a ring of ice
 I - an amulet of regeneration (around neck)
 U - the amulet of Siqaokly {Spirit rPois Str+9 Int-2 Slay+3}
   (You took it off a vampire on level 12 of the Dungeon)

   [amulet of guardian spirit]

   Spirit:    It causes incoming damage to be divided between your reserves of
   health and magic.
   Str+9:     It affects your strength (+9).
   Int-2:     It affects your intelligence (-2).
   Slay+3:    It affects your accuracy & damage with ranged weapons and melee
   (+3).
   rPois:     It protects you from poison
Talismans
 F - a storm talisman
Wands
 c - a wand of quicksilver (7) (quivered)
 q - a wand of digging (5)
 E - a wand of flame (9)
 H - a wand of charming (3)
 O - a wand of polymorph (6)
Scrolls
 b - a scroll of butterflies
 k - a scroll of identify
 l - a scroll of fear {unknown}
 r - 2 scrolls of immolation {unknown}
 t - 2 scrolls of enchant weapon {unknown}
 w - 5 scrolls of vulnerability
 x - 2 scrolls of torment {unknown}
 A - 4 scrolls of enchant armour {unknown}
 B - a scroll of fog {unknown}
 C - a scroll of silence {unknown}
 D - 3 scrolls of amnesia {unknown}
 M - 2 scrolls of brand weapon {unknown}
 R - 3 scrolls of noise {unknown}
Potions
 e - 2 potions of ambrosia
 g - a potion of brilliance
 h - 3 potions of mutation
 j - 2 potions of enlightenment
 p - 2 potions of curing
 v - a potion of haste
 J - a potion of might {unknown}
 L - 2 potions of attraction {unknown}


   Skills:
 + Level 8.6 Fighting
 + Level 8.1 Short Blades
 + Level 8.1 Long Blades
 + Level 8.1 Axes
 + Level 8.1 Maces & Flails
 + Level 8.1 Polearms
 + Level 8.1 Staves
 + Level 8.1 Ranged Weapons
 + Level 8.6 Throwing
 + Level 8.1 Armour
 + Level 8.1 Dodging
 + Level 8.5 Stealth
 + Level 8.1 Shields
 + Level 8.1 Unarmed Combat
 + Level 9.6 Spellcasting
 + Level 6.7 Conjurations
 + Level 6.7 Hexes
 + Level 6.7 Summonings
 + Level 6.7 Necromancy
 + Level 6.7 Translocations
 + Level 11.1 Fire Magic
 + Level 6.7 Ice Magic
 + Level 6.7 Air Magic
 + Level 6.7 Earth Magic
 + Level 6.7 Alchemy
 + Level 8.9 Invocations
 + Level 8.1 Evocations
 + Level 7.4 Shapeshifting


You had 24 spell levels left.
You knew the following spells:

 Your Spells              Type           Power      Damage    Failure   Level
a - Foxfire               Conj/Fire      100%       2x1d9     3%          1
b - Scorch                Fire           100%       2d9       1%          2
c - Sting                 Conj/Alch      100%       1d9       8%          1
d - Passwall              Erth           34%        N/A       22%         3

Your spell library contained the following spells:

 Spells                   Type           Power      Damage    Failure   Level
 Apportation              Tloc           68%        N/A       8%          1
 Necrotise                Necr           100%       1d9       8%          1
 Shock                    Conj/Air       100%       1d9       8%          1
 Ensorcelled Hibernation  Hex/Ice        68%        N/A       12%         2
 Jinxbite                 Hex            68%        N/A       12%         2
 Mercury Vapours          Alch/Air       68%        N/A       12%         2
 Dazzling Flash           Conj/Hex       68%        N/A       22%         3
 Fugue of the Fallen      Necr           34%        N/A       22%         3
 Gell's Gravitas          Tloc           34%        N/A       22%         3
 Mephitic Cloud           Conj/Alch/Air  34%        N/A       22%         3
 Ozocubu's Armour         Ice            34%        N/A       22%         3
 Swiftness                Air            34%        N/A       22%         3
 Teleport Other           Tloc           34%        N/A       22%         3
 Airstrike                Air            17%        2d(3-19)  58%         4
 Manifold Assault         Tloc           34%        N/A       58%         4
 Olgreb's Toxic Radiance  Alch           34%        N/A       58%         4
 Curse of Agony           Necr           34%        N/A       91%         5
 Silence                  Hex/Air        17%        N/A       91%         5
 Yara's Violent Unravell  Hex/Alch       17%        3d8       91%         5
 Dispersal                Tloc           17%        N/A       100%        6
 Enfeeble                 Hex            17%        N/A       100%        7
 Summon Small Mammal      Summ           Unusable   N/A       N/A         1
 Summon Blazeheart Golem  Fire/Summ      Unusable   N/A       N/A         4

Dungeon Overview and Level Annotations

Branches:
Dungeon (13/15)            Temple (0/1) D:6            Lair (0/5) D:9
    Orc (0/2) D:11
 Vaults: D:13-14

Altars:
Cheibriados
Fedhas
Makhleb
Okawaru
Ru
Sif Muna
Vehumet
Xom
Yredelemnul
Zin

Shops:
D:2 [   D:5 *   D:6 (   D:7 [

Annotations:
D:12 Rupert


Innate Abilities, Weirdness & Mutations

You have very sharp teeth.
Your uncanny sense of smell can sniff out nearby items.
Your experience applies equally to all skills.


Message History

There is not enough space to conjure foxfire!
Casting: Foxfire (safe; 3% risk of failure)
Confirm with . or Enter, or press ? or * to list all spells.
Flames lash Rupert.
Rupert is burned terribly!
Rupert is moderately wounded.
You block Rupert's attack.
Casting: Scorch (safe; 1% risk of failure)
Confirm with . or Enter, or press ? or * to list all spells.
Aiming: Sting (safe; 8% risk of failure)
Press: ? - help, Shift-Dir - straight line, f - Rupert
Aim: Rupert, wielding a +2 heavy great mace and wearing a +0 ring mail of positive energy (moderately wounded, berserk, more vulnerable to fire, 81% to hit)
You miscast Sting.
You are very lightly contaminated with residual magic.
Nothing appears to happen.
You block Rupert's attack.
Casting: Sting (safe; 8% risk of failure)
Confirm with . or Enter, or press ? or * to list all spells.
You don't know that spell.
Casting: Sting (safe; 8% risk of failure)
Confirm with . or Enter, or press ? or * to list all spells.
Aiming: Sting (safe; 8% risk of failure)
Press: ? - help, Shift-Dir - straight line, f/p - Rupert
Aim: Rupert, wielding a +2 heavy great mace and wearing a +0 ring mail of positive energy (moderately wounded, berserk, more vulnerable to fire, 81% to hit)
You miscast Sting.
Nothing appears to happen.
Rupert hits you with a +2 heavy great mace!!!
Ouch! That really hurt!
You hear a shout! x2
Casting: Sting (safe; 8% risk of failure)
Confirm with . or Enter, or press ? or * to list all spells.
Aiming: Sting (safe; 8% risk of failure)
Press: ? - help, Shift-Dir - straight line, f/p - Rupert
Aim: Rupert, wielding a +2 heavy great mace and wearing a +0 ring mail of positive energy (moderately wounded, berserk, more vulnerable to fire, 81% to hit)
The sting hits Rupert!
Rupert is poisoned.
Rupert is moderately wounded.
Rupert hits you with a +2 heavy great mace!!!
* * * LOW HITPOINT WARNING * * *
Unknown command.
You feel better.
Rupert hits you with a +2 heavy great mace!!
You die...
Rupert roars with triumph.

#.##....#####...#####..#...###...
#...#%.......⌠.......(#...# ##.#
#.#....######...#####..#...# #...
# #.....#(...#.#....#..#...# #...
###.####...#.#...##..#..)# #...
##.....###..#.#..##...##.## #...
##..#.#..###.#.#.##..#..).# ##(..
#.........####.###..####### #....
...........#..##@#........###...#
...._._..#.#.#.@##.###....#......
.....#......#...##.# #....#)#....
...._._..#.#.#.#.#.# #....#.#....
...........#..#..#.# #....#.#..##
#.........########.# #......#....
##..#.#..##.)......####..........
.##.....##..#........(...#####.##
..###.###...).[.#######÷######.##


You could see Rupert (berserk, poisoned, combustible).

Vanquished Creatures
  Fannar (D:12)
  2 two-headed ogres (D:12)
  2 boulder beetles (D:11)
  A sun demon (D:12)
  A skeletal warrior (D:12)
  Lodul (D:12)
  Pikel (D:6)
  A lindwurm (D:11)
  A deep elf pyromancer (D:12)
  3 cyclopes (D:12)
  2 ugly things
  2 manticores (D:12)
  A gargoyle (D:10)
  A rust devil (D:12)
  A smoke demon (D:12)
  An unseen horror (D:11)
  An efreet (D:12)
  3 komodo dragons
  A red devil (D:12)
  Psyche (D:9)
  A komodo dragon (shapeshifter) (D:12)
  5 trolls
  A hornet (D:7)
  Prince Ribbit (D:6)
  Grinder (D:5)
  2 jumping spiders (D:11)
  A wyvern (D:9)
  A slime creature (D:8)
  Sigmund (D:5)
  2 wraiths
  A yak (D:12)
  2 vampires (D:12)
  Eustachio (D:5)
  2 redbacks (D:11)
  4 steam dragons
  3 basilisks
  6 vampire mosquitoes
  Menkaure (D:7)
  4 acid dragons
  6 orc warriors
  3 ice beasts
  A laughing skull (D:12)
  2 black bears
  8 ogres
  5 centaurs
  3 lemures (D:6)
  A kobold brigand (D:9)
  3 bullfrogs
  5 scorpions
  8 wights (D:9)
  12 killer bees
  2 lava snakes (D:11)
  3 howler monkeys
  2 bombardier beetles
  3 hounds (D:5)
  Crazy Yiuf (D:6)
  4 jellies
  9 orc priests
  3 sleepcaps
  Jessica (D:3)
  Ijyb (D:5)
  2 iguanas
  18 orc wizards
  4 gnolls (D:5)
  6 adders
  2 shadow imps (D:12)
  A white imp (D:7)
  2 ufetubi (D:6)
  3 ribbon worms
  A dart slug (D:2)
  39 orcs
  8 endoplasms
  2 giant cockroaches
  12 goblins
  19 hobgoblins
  3 jackals (D:4)
  4 quokkas
  5 ball pythons
  4 bats
  4 frilled lizards (D:3)
  5 kobolds
  5 rats
303 creatures vanquished.

Vanquished Creatures (others)
  A water elemental (D:12)
  An electric eel (D:12)
  2 orc wizards (D:8)
  602 foxfires
606 creatures vanquished.

Grand Total: 909 creatures vanquished

Notes
Turn   | Place    | Note
-------+----------+-------------------------------------------
     0 | D:1      | Snipperlap the Gnoll Wanderer began the quest for the Orb.
     0 | D:1      | Snipperlap set off with the following items: a +0 dagger, a
                  | scroll of butterflies, a +0 robe, 2 scrolls of
                  | teleportation; and the following spell memorised: Foxfire;
                  | and the following spells available to memorise: Scorch,
                  | Summon Blazeheart Golem.
     0 | D:1      | Reached XP level 1. HP: 17/17 MP: 6/6
   142 | D:1      | Reached XP level 2. HP: 23/23 MP: 2/7
   144 | D:1      | Found a faded altar of an unknown god.
   598 | D:1      | Learned a level 2 spell: Scorch
   600 | D:1      | Learned a level 1 spell: Sting
   821 | D:2      | Reached skill level 5 in Spellcasting
   821 | D:2      | Reached XP level 3. HP: 17/28 MP: 1/9
  1157 | D:2      | Reached skill level 1 in Invocations
  1216 | D:2      | Found Biux's Armour Shoppe.
  1241 | D:2      | Learned a level 3 spell: Passwall
  1274 | D:2      | Reached skill level 1 in Short Blades
  1274 | D:2      | Reached skill level 1 in Long Blades
  1274 | D:2      | Reached skill level 1 in Axes
  1274 | D:2      | Reached skill level 1 in Maces & Flails
  1274 | D:2      | Reached skill level 1 in Polearms
  1274 | D:2      | Reached skill level 1 in Staves
  1274 | D:2      | Reached skill level 1 in Ranged Weapons
  1274 | D:2      | Reached skill level 1 in Armour
  1274 | D:2      | Reached skill level 1 in Dodging
  1274 | D:2      | Reached skill level 1 in Shields
  1274 | D:2      | Reached skill level 1 in Unarmed Combat
  1274 | D:2      | Reached skill level 1 in Evocations
  1376 | D:2      | Reached skill level 1 in Shapeshifting
  1376 | D:2      | Reached XP level 4. HP: 34/34 MP: 7/11
  1523 | D:2      | Identified the +4 kite shield of Beerud {Str+3}
  1703 | D:3      | Reached skill level 1 in Conjurations
  1703 | D:3      | Reached skill level 1 in Hexes
  1703 | D:3      | Reached skill level 1 in Summonings
  1703 | D:3      | Reached skill level 1 in Necromancy
  1703 | D:3      | Reached skill level 1 in Translocations
  1703 | D:3      | Reached skill level 1 in Ice Magic
  1703 | D:3      | Reached skill level 1 in Air Magic
  1703 | D:3      | Reached skill level 1 in Earth Magic
  1703 | D:3      | Reached skill level 1 in Alchemy
  1965 | D:3      | Reached XP level 5. HP: 40/40 MP: 3/12
  1973 | D:3      | Found the +1 Delatra's gloves {ID++}
  2351 | D:3      | Noticed Jessica
  2353 | D:3      | Killed Jessica
  2765 | D:4      | Found a snail-covered altar of Cheibriados.
  2774 | D:4      | Found an iron altar of Okawaru.
  2780 | D:4      | Became a worshipper of Warmaster Okawaru
  2900 | D:4      | Reached XP level 6. HP: 47/47 MP: 5/14
  3690 | D:5      | Entered Level 5 of the Dungeon
  3789 | D:5      | Noticed Grinder
  3810 | D:5      | Killed Grinder
  3810 | D:5      | Reached * piety under Okawaru
  3811 | D:5      | Reached skill level 9 in Fire Magic
  3811 | D:5      | Reached XP level 7. HP: 46/52 MP: 5/15
  4077 | D:5      | Noticed Sigmund
  4386 | D:5      | Identified the maw talisman "Yhuri" {rPois Dex-2 Slay+5}
  4521 | D:5      | Found Zin's Purification Station.
  4523 | D:5      | Found a glowing silver altar of Zin.
  4622 | D:5      | Noticed Eustachio
  4634 | D:5      | Noticed Ijyb
  4649 | D:5      | Killed Eustachio
  4650 | D:5      | Reached XP level 8. HP: 59/60 MP: 7/16
  4661 | D:5      | Killed Ijyb
  4768 | D:5      | Killed Sigmund
  4768 | D:5      | Reached ** piety under Okawaru
  5132 | D:6      | Noticed Pikel
  5206 | D:6      | Killed Pikel
  5347 | D:6      | Noticed Prince Ribbit
  5355 | D:6      | Killed Prince Ribbit
  5355 | D:6      | Reached *** piety under Okawaru
  5356 | D:6      | Reached XP level 9. HP: 67/67 MP: 10/18
  5680 | D:6      | Found Zaeponoj's Antique Weapon Emporium.
  5879 | D:6      | Reached skill level 5 in Fighting
  5879 | D:6      | Reached skill level 5 in Throwing
  6020 | D:6      | Found a staircase to the Ecumenical Temple.
  6029 | D:6      | Reached skill level 5 in Stealth
  6182 | D:6      | Found a runed translucent door.
  6183 | D:6      | Noticed Crazy Yiuf
  6190 | D:6      | Killed Crazy Yiuf
  6296 | D:7      | Noticed Menkaure
  6300 | D:7      | Reached skill level 5 in Invocations
  6309 | D:7      | Killed Menkaure
  6502 | D:7      | Noticed a hornet
  6511 | D:7      | Killed a hornet
  6511 | D:7      | Reached **** piety under Okawaru
  6513 | D:7      | Noticed a troll
  6516 | D:7      | Killed a troll
  6705 | D:7      | Reached skill level 5 in Short Blades
  6705 | D:7      | Reached skill level 5 in Long Blades
  6705 | D:7      | Reached skill level 5 in Axes
  6705 | D:7      | Reached skill level 5 in Maces & Flails
  6705 | D:7      | Reached skill level 5 in Polearms
  6705 | D:7      | Reached skill level 5 in Staves
  6705 | D:7      | Reached skill level 5 in Ranged Weapons
  6705 | D:7      | Reached skill level 5 in Armour
  6705 | D:7      | Reached skill level 5 in Dodging
  6705 | D:7      | Reached skill level 5 in Shields
  6705 | D:7      | Reached skill level 5 in Unarmed Combat
  6705 | D:7      | Reached skill level 5 in Evocations
  6705 | D:7      | Reached XP level 10. HP: 76/76 MP: 12/20
  7088 | D:7      | Identified the +7 sling of Toxudw Aceaz {flame, rC+ rN+}
  7146 | D:7      | Identified the +5 fire dragon scales of the Unseen Realm
                  | {rElec rF++ rC- rCorr Str-4 Slay+6}
  7258 | D:7      | Found a blossoming altar of Fedhas.
  7280 | D:7      | Reached ***** piety under Okawaru
  7361 | D:7      | Found Ixye's Armour Emporium.
  7366 | D:7      | Bought a scarf of repulsion for 156 gold pieces
  7487 | D:7      | Found a shimmering blue altar of Sif Muna.
  8348 | D:8      | Found a basalt altar of Yredelemnul.
  8357 | D:8      | Reached skill level 5 in Shapeshifting
  8701 | D:8      | Reached skill level 10 in Fire Magic
  9669 | D:9      | Found a burning altar of Makhleb.
  9842 | D:9      | Noticed Psyche
  9859 | D:9      | Killed Psyche
  9974 | D:9      | Received a gift from Okawaru
  9983 | D:9      | Reached skill level 5 in Conjurations
  9983 | D:9      | Reached skill level 5 in Hexes
  9983 | D:9      | Reached skill level 5 in Summonings
  9983 | D:9      | Reached skill level 5 in Necromancy
  9983 | D:9      | Reached skill level 5 in Translocations
  9983 | D:9      | Reached skill level 5 in Ice Magic
  9983 | D:9      | Reached skill level 5 in Air Magic
  9983 | D:9      | Reached skill level 5 in Earth Magic
  9983 | D:9      | Reached skill level 5 in Alchemy
  9985 | D:9      | Reached XP level 11. HP: 44/83 MP: 10/22
 10885 | D:9      | Found a staircase to the Lair.
 11399 | D:10     | Entered Level 10 of the Dungeon
 12764 | D:11     | Noticed a purple ugly thing
 12779 | D:11     | Killed a brown ugly thing
 12779 | D:11     | Received a gift from Okawaru
 12898 | D:11     | Found a staircase to the Orcish Mines.
 12898 | D:11     | Noticed a boulder beetle
 12941 | D:11     | HP: 4/84 [boulder beetle (36)]
 13030 | D:11     | Killed a boulder beetle
 14067 | D:11     | Found a runed translucent door.
 14094 | D:11     | Received a gift from Okawaru
 14209 | D:11     | Identified the +0 hat of the Kitsune {Will+ Dex+2}
 14225 | D:11     | Found a runed translucent gate.
 14225 | D:11     | Found a runed translucent gate.
 14225 | D:11     | Found a runed translucent gate.
 14225 | D:11     | Found a runed translucent gate.
 14225 | D:11     | Noticed a boulder beetle
 14226 | D:11     | Found a runed translucent gate.
 14228 | D:11     | Found a runed translucent gate.
 14228 | D:11     | Noticed a lindwurm
 14426 | D:11     | Killed a boulder beetle
 14426 | D:11     | Reached ****** piety under Okawaru
 14510 | D:11     | Killed a lindwurm
 14534 | D:11     | Identified the ring of Taerhut {Ice Str+3}
 14681 | D:12     | Noticed a two-headed ogre
 14689 | D:12     | Killed a two-headed ogre
 14690 | D:12     | Reached XP level 12. HP: 92/92 MP: 24/24
 14739 | D:12     | Noticed a two-headed ogre
 14756 | D:12     | Killed a two-headed ogre
 14794 | D:12     | Noticed Fannar
 14800 | D:12     | Noticed a sun demon
 14805 | D:12     | Noticed Rupert
 15141 | D:12     | Noticed Lodul
 15169 | D:12     | Killed Lodul
 15169 | D:12     | Received a gift from Okawaru
 15814 | D:12     | Killed Fannar
 15814 | D:12     | Received a gift from Okawaru
 16120 | D:12     | Found a blossoming altar of Fedhas.
 16121 | D:12     | Found a radiant altar of Vehumet.
 16123 | D:12     | Found a sacrificial altar of Ru.
 16123 | D:12     | Found a shimmering altar of Xom.
 16236 | D:12     | Killed a sun demon
 16237 | D:12     | Reached skill level 11 in Fire Magic
 16542 | D:12     | Received a gift from Okawaru
 16596 | D:12     | Identified the amulet of Siqaokly {Spirit rPois Str+9 Int-2
                  | Slay+3}
 16683 | D:12     | Reached XP level 13. HP: 89/99 MP: 26/26
 16715 | D:12     | HP: 1/99 [Rupert/+2 heavy great mace (47)]
 16716 | D:12     | Demolished by Rupert

Illustrated notes

Levels and vault maps discovered:
D:1:      heliophobic_arrival_dark_side_of_the_moon, layout_loops_ring,
          chequers_ecumenical_altar_simple_redux
D:2:      cheibrodos_greedy_goblins, layout_rooms, serial_shops, shop,
          minivault_27, grunt_decor_fettered
D:3:      layout_basic, mrwooster_statue_mirror, pf_guarded_unrand_delatra,
          uniq_jessica
D:4:      layout_basic, minitemple
D:5:      layout_cave_pods, zin_purify, uniq_eustachio, uniq_sigmund,
          uniq_grinder, uniq_ijyb
D:6:      layout_loops_ring, minmay_temple_entry_hall, serial_shops, shop,
          uniq_crazy_yiuf_cottage, uniq_pikel, uniq_prince_ribbit1
D:7:      nzn_winding_woodlands_small [nzn_winding_woodlands_5x15_eye,
          nzn_winding_woodlands_center_diamonds,
          nzn_winding_woodlands_5x15_twine], layout_rooms,
          amcnicky_altar_gilded, lemuel_blue_sif_altar, serial_glass,
          glass_columns_a, glass_columns_c, serial_shops,
          nicolae_shop_rolling_square, minmay_increasing_density, uniq_menkaure
D:8:      minmay_flawed_box, layout_loops_ring, kennysheep_little_box
D:9:      layout_stronghold, bloody_makhleb, erik_lair_dragon, uniq_psyche
D:10:     layout_stronghold, chequers_serial_rivers_small_b
D:11:     gammafunk_indiana_jones, layout_basic, david_orc_2
D:12:     minmay_the_grid_octo_tiled_squarecenter
          [minmay_the_grid_octo_pinwheel, minmay_the_grid_octo_clover,
          minmay_the_grid_octo_shrine, minmay_the_grid_octo_checkerflower,
          minmay_the_grid_square_5x5_megaprize_crossed,
          minmay_the_grid_square_5x5_corner,
          minmay_the_grid_square_5x5_pentomino_r,
          minmay_the_grid_square_5x5_spiral_small,
          minmay_the_grid_square_5x5_six], layout_basic, serial_shops,
          nicolae_shop_industrial_runoff, shop, nicolae_demonic_statue_gallery,
          uniq_fannar, uniq_lodul, uniq_rupert
D:13:     layout_loops_ring, ximxim_vaults_locker_room, gauntlet_entry_generic,
          nicolae_guarded_unrand_slippers, uniq_josephine

Skill      XL: |  1  2  3  4  5  6  7  8  9 10 11 12 |
---------------+-------------------------------------+-----
Spellcasting   | 5 6 7 8 9 |  9.6
Invocations    | 1 2 3 4 5 6 7 8 |  8.9
Short Blades   | 1 2 3 4 5 6 7 8 |  8.1
Long Blades    | 1 2 3 4 5 6 7 8 |  8.1
Axes           | 1 2 3 4 5 6 7 8 |  8.1
Maces & Flails | 1 2 3 4 5 6 7 8 |  8.1
Polearms       | 1 2 3 4 5 6 7 8 |  8.1
Staves         | 1 2 3 4 5 6 7 8 |  8.1
Ranged Weapons | 1 2 3 4 5 6 7 8 |  8.1
Armour         | 1 2 3 4 5 6 7 8 |  8.1
Dodging        | 1 2 3 4 5 6 7 8 |  8.1
Shields        | 1 2 3 4 5 6 7 8 |  8.1
Unarmed Combat | 1 2 3 4 5 6 7 8 |  8.1
Evocations     | 1 2 3 4 5 6 7 8 |  8.1
Shapeshifting  | 1 2 3 4 5 6 7 |  7.4
Conjurations   | 1 2 3 4 5 6 |  6.7
Hexes          | 1 2 3 4 5 6 |  6.7
Summonings     | 1 2 3 4 5 6 |  6.7
Necromancy     | 1 2 3 4 5 6 |  6.7
Translocations | 1 2 3 4 5 6 |  6.7
Ice Magic      | 1 2 3 4 5 6 |  6.7
Air Magic      | 1 2 3 4 5 6 |  6.7
Earth Magic    | 1 2 3 4 5 6 |  6.7
Alchemy        | 1 2 3 4 5 6 |  6.7
Fighting       | 3 4 5 6 7 8 |  8.6
Throwing       | 3 4 5 6 7 8 |  8.6
Stealth        | 3 4 5 6 7 8 |  8.5
Fire Magic     | 9 10 11 | 11.1

Action                     |  1- 3 |  4- 6 |  7- 9 | 10-12 | 13-15 || total
---------------------------+-------+-------+-------+-------+-------++-------
  Melee: Dagger            |    18 |       |       |       |       ||    18
         Bite              |     1 |     5 |     8 |     1 |       ||    15
         Long sword        |       |     9 |       |       |       ||     9
         Short sword       |       |    22 |    59 |       |       ||    81
         Staff             |       |       |       |     4 |       ||     4
         Sling             |       |       |       |     3 |       ||     3
   Fire: Sling             |       |       |       |   184 |       ||   184
  Throw: Boomerang         |       |     2 |     8 |       |       ||    10
         Dart              |       |       |       |     4 |       ||     4
   Cast: Foxfire           |    46 |    70 |    60 |   198 |     2 ||   376
         Scorch            |     9 |    16 |    57 |   337 |     3 ||   422
         Sting             |     8 |    17 |    29 |    71 |     1 ||   126
  Evoke: Wand              |       |       |     7 |    43 |       ||    50
    Use: Scroll            |       |     4 |     7 |    14 |       ||    25
         Potion            |       |       |     3 |    11 |     1 ||    15
   Stab: Distracted        |       |       |     1 |       |       ||     1
         Sleeping          |       |       |     1 |       |       ||     1
 Armour: Robe              |    14 |    19 |    42 |       |       ||    75
         Steam dragon scal |       |       |    21 |     7 |       ||    28
         Fire dragon scale |       |       |       |   425 |     3 ||   428
  Dodge: Dodged            |     8 |    12 |    40 |   143 |     1 ||   204
         Repelled          |     1 |       |     3 |    44 |       ||    48
  Block: Kite shield       |       |    14 |    92 |   412 |     3 ||   521

Table legend: (Time is in decaauts)
 A = Elapsed time spent in this place.
 B = Non-inter-level travel time spent in this place.
 C = Inter-level travel time spent in this place.
 D = Time resting spent in this place.
 E = Time spent auto-exploring this place.
 F = Levels seen in this place.
 G = Mean time per level.
                   A        B        C        D        E       F      G
               +--------+--------+--------+--------+--------+-----+--------+
         Total |  16771 |  16119 |    652 |   4294 |   5694 |  13 | 1290.1 |
       Dungeon |  16771 |  16119 |    652 |   4294 |   5694 |  13 | 1290.1 |
               +--------+--------+--------+--------+--------+-----+--------+

Top non-repeatable levels by time:
     D:9: 2320 daAuts
    D:11: 2075 daAuts
    D:12: 1922 daAuts
     D:7: 1486 daAuts
     D:8: 1470 daAuts
     D:5: 1331 daAuts
    D:10: 1271 daAuts
     D:6: 1198 daAuts
     D:4: 1077 daAuts
     D:2: 972 daAuts
     D:3: 961 daAuts
     D:1: 683 daAuts
    D:13: 1 daAuts
